 Dungeon Crawl Stone Soup version 0.27.1-4-g1640c2035a (webtiles) character file.

Game seed: 7180258691619253394

242 boopmooplesden the Slasher (level 5, -1/47 HPs)
             Began as a Minotaur Fighter on Nov 14, 2021.
             Killed from afar by an orc wizard (5 damage)
             ... with a puff of flame
             ... on level 4 of the Dungeon.
             The game lasted 00:03:53 (2458 turns).

boopmooplesden the Slasher (Minotaur Fighter)       Turns: 2458, Time: 00:03:55

Health: -1/47      AC: 10    Str: 21    XL:     5   Next: 82%
Magic:  4/4        EV:  8    Int:  5    God:
Gold:   71         SH:  9    Dex: 10    Spells: 4/4 levels left

rFire    . . .     SeeInvis .   a - +0 long sword
rCold    . . .     Faith    .   c - +0 kite shield
rNeg     . . .     Spirit   .   b - +0 scale mail
rPois    .         Reflect  .   (helmet restricted)
rElec    .         Harm     .   n - +0 cloak
rCorr    .         Rampage  .   (no gloves)
Will     .....                  i - +0 pair of boots
Stlth    ..........             (no amulet)
HPRegen  0.15/turn              (no ring)
MPRegen  0.09/turn              (no ring)

@: mighty, unable to read
A: horns 2, retaliatory headbutt, talons 1, shaggy fur 1, inability to read
while threatened
a: no special abilities


You were on level 4 of the Dungeon.
You visited 1 branch of the dungeon, and saw 4 of its levels.

You collected 71 gold pieces.

Inventory:

Hand Weapons
 a - a +0 long sword (weapon)
Armour
 b - a +0 scale mail (worn)
 c - a +0 kite shield (worn)
 i - a +0 pair of boots (worn)
 n - a +0 cloak (worn)
Jewellery
 m - a ring of positive energy
Scrolls
 o - a scroll of noise {unknown}
Potions
 d - a potion of might
 e - a potion of resistance
 f - a potion of degeneration {unknown}
 h - 3 potions of haste
 l - 2 potions of invisibility {unknown}
 p - a potion of lignification {unknown}


   Skills:
 + Level 4.7 Fighting
 + Level 5.2 Long Blades
 + Level 4.6 Armour
 + Level 1.0 Dodging
 + Level 4.5 Shields


You had 4 spell levels left.
You didn't know any spells.
Your spell library contained the following spells:

 Spells                   Type           Power      Damage    Failure   Level
 Magic Dart               Conj           0%         1d3       99%         1
 Sting                    Tmut/Pois      0%         1d3       99%         1
 Poisonous Vapours        Pois/Air       0%         N/A       100%        2
 Stone Arrow              Conj/Erth      0%         3d7       100%        3
 Olgreb's Toxic Radiance  Pois           0%         N/A       100%        4
 Bolt of Magma            Conj/Fire/Erth 0%         4d4       100%        5
 Shatter                  Erth           0%         3d5*      100%        9


Dungeon Overview and Level Annotations

Branches:
Dungeon (4/15)
 Temple: D:4-7

Altars:


Innate Abilities, Weirdness & Mutations

You have a pair of horns on your head.
You reflexively headbutt those who attack you in melee.
You have sharp toenails.
You are covered in fur. (AC +1)
You sometimes lose the ability to read scrolls when taking damage.


Message History

You kill the orc!
You block the orc's attack. You block the goblin's attack.
The orc barely misses you. The orc wizard casts a spell at you.
The puff of flame hits you. The orc hits you with a +0 dagger.
* * * LOW HITPOINT WARNING * * *
The goblin hits you with a +0 club.
* * * LOW HITPOINT WARNING * * *
You closely miss the orc wizard.
The orc wizard is almost dead.
The orc barely misses you. The orc wizard closely misses you.
The orc barely misses you.
You riposte.
You slash the orc!
You kill the orc!
The goblin hits you but does no damage. The orc hits you with a +0 mace.
* * * LOW HITPOINT WARNING * * *
You closely miss the orc wizard.
The orc wizard is almost dead.
The orc wizard hits you but does no damage.
You block the goblin's attack. The orc misses you.
The orc wizard hits you with a +0 dagger.
* * * LOW HITPOINT WARNING * * *
Unknown command.
You hit the orc wizard but do no damage.
The orc wizard is almost dead.
You can read scrolls again.
The goblin hits you but does no damage. The orc closely misses you.
You block the orc wizard's attack. The goblin hits you but does no damage.
Unknown command.
You feel very mighty all of a sudden. The orc barely misses you.
The orc wizard points at you and mumbles some strange words.
The magic dart hits you but does no damage.
The goblin hits you but does no damage.
You barely miss the orc wizard. Your headbutt misses the orc wizard.
The orc wizard is almost dead.
The orc hits you but does no damage.
The orc wizard points at you and mumbles some strange words.
The puff of flame hits you.
You feel threatened and lose the ability to read scrolls!
You die...

.....###.####
............
#.....#..... .
#................ ..
#.....#..... ....# ...
#........... #...# ....
#.......##.# #...# .....
#)o.....##.###...#
......#@o..............#
......g.)..............#
#.....#....)............
......#.......##.......#
..............##........
....#.######...#........
....#.######...#.####...
... # .........#.#######
...............#


You could see an orc wizard, an orc and a goblin.

Vanquished Creatures
  A centaur (D:3)
  An iguana (D:3)
  A hound skeleton (D:4)
  4 adders
  An adder skeleton (D:2)
  3 worms
  2 dart slugs (D:1)
  3 orcs
  5 ball pythons
  2 bats (D:1)
  11 endoplasms
  3 giant cockroaches
  6 goblins
  4 hobgoblins
  12 kobolds
  A quokka (D:1)
  2 frilled lizards
  6 rats
68 creatures vanquished.

Vanquished Creatures (others)
  2 fungi (D:2)
  3 plants
5 creatures vanquished.

Grand Total: 73 creatures vanquished

Notes
Turn   | Place    | Note
-------+----------+-------------------------------------------
     0 | D:1      | boopmooplesden the Minotaur Fighter began the quest for the
                  | Orb.
     0 | D:1      | Reached XP level 1. HP: 19/19 MP: 0/0
   153 | D:1      | Reached XP level 2. HP: 27/27 MP: 1/1
   612 | D:1      | Reached XP level 3. HP: 33/33 MP: 2/2
   786 | D:1      | Reached skill level 3 in Long Blades
  1267 | D:2      | Found a faded altar of an unknown god.
  1276 | D:2      | Got Plato's Tome of Confrontation
  1427 | D:2      | Reached XP level 4. HP: 40/41 MP: 3/3
  1722 | D:3      | Reached skill level 1 in Dodging
  1730 | D:3      | Reached skill level 4 in Long Blades
  1999 | D:3      | Reached XP level 5. HP: 45/47 MP: 4/4
  2064 | D:3      | Noticed a centaur
  2070 | D:3      | Killed a centaur
  2071 | D:3      | Reached skill level 5 in Long Blades
  2280 | D:3      | Gained mutation: You expend magic power (3 MP) to
                  | strengthen your wands. [potion of mutation]
  2281 | D:3      | Lost mutation: You expend magic power (3 MP) to strengthen
                  | your wands. [potion of mutation]
  2281 | D:3      | Gained mutation: You are covered in fur. (AC +1) [potion of
                  | mutation]
  2281 | D:3      | Gained mutation: You have sharp toenails. [potion of
                  | mutation]
  2281 | D:3      | Gained mutation: You sometimes lose the ability to read
                  | scrolls when taking damage. [potion of mutation]
  2458 | D:4      | Killed from afar by an orc wizard

Illustrated notes

Levels and vault maps discovered:
D:1:      roderic_octagonal_star, layout_basic, serial_bayou_pond_b
D:2:      layout_rooms, shapermc_ecumenical_altar_rom_forum,
          minmay_crystal_water, minmay_misc_feat_rugged
D:3:      layout_loops_cross
D:4:      layout_basic

Skill      XL: |  1  2  3  4  5 |
---------------+----------------+-----
Fighting       | 4 |  4.7
Armour         | 4 |  4.6
Shields        | 4 |  4.5
Long Blades    | 3 4 5 |  5.2
Dodging        | 1 |  1.0

Action                   |  1- 3 |  4- 6 || total
-------------------------+-------+-------++-------
Melee: Long sword        |    76 |    62 ||   138
       Headbutt          |    15 |    12 ||    27
  Use: Scroll            |       |     6 ||     6
       Potion            |       |     3 ||     3
Armor: Scale mail        |    27 |    43 ||    70
Dodge: Dodged            |    23 |    30 ||    53
Block: Kite shield       |    30 |    45 ||    75
       Rpst.: Long sword |    10 |     6 ||    16
